 Dungeon Crawl Stone Soup version 0.27-a0-1291-geefcff550b (webtiles) character file.

Game seed: 16924280213292398159

4545 bande the Cleaver (level 10, -9/61 HPs)
             Began as a Gargoyle Fighter on June 15, 2021.
             Was a Follower of Okawaru.
             Killed from afar by Maggie (17 damage)
             ... with a bolt of fire
             ... on level 7 of the Dungeon.
             The game lasted 00:18:11 (9037 turns).

bande the Cleaver (Gargoyle Fighter)                Turns: 9037, Time: 00:18:13

Health: -9/61      AC: 23    Str: 23      XL:     10   Next: 40%
Magic:  0/10       EV:  6    Int:  7 (8)  God:    Okawaru [*.....]
Gold:   2231       SH: 12    Dex: 10      Spells: 9/9 levels left

rFire    . . .     SeeInvis +   w - +3 war axe
rCold    . . .     Faith    .   c - +1 kite shield
rNeg     + . .     Spirit   +   h - +0 plate armour
rPois    ∞         Reflect  .   k - +0 helmet
rElec    +         Harm     .   (no cloak)
rCorr    .         Rampage  .   (no gloves)
Will     +....                  y - +0 pair of boots
Stlth    ..........             f - amulet of guardian spirit
HPRegen  0.20/turn              j - ring of see invisible
MPRegen  0.12/turn              m - ring of willpower

@: mighty, mesmerised
A: sickness immunity, AC +7, negative energy resistance 1, electricity
resistance, torment resistance 1, petrification resistance
a: Renounce Religion, Heroism


You were on level 7 of the Dungeon.
You worshipped Okawaru.
Okawaru was aware of your devotion.
You visited 2 branches of the dungeon, and saw 9 of its levels.
You also visited: Ossuary.

You collected 2231 gold pieces.

Inventory:

Hand Weapons
 a - a +0 war axe
 r - a +0 morningstar
 w - a +3 war axe (weapon)
Missiles
 e - 9 atropa-tipped darts (quivered)
Armour
 c - a +1 kite shield (worn)
 h - a +0 plate armour (worn)
 k - a +0 helmet (worn)
 y - a +0 pair of boots (worn)
Jewellery
 f - an amulet of guardian spirit (around neck)
 j - a ring of see invisible (left hand)
 m - a ring of willpower (right hand)
 q - a ring of positive energy
 s - an amulet of regeneration
Wands
 i - a wand of iceblast (10)
 t - a wand of polymorph (12)
 u - a wand of digging (5)
 x - a wand of acid (10)
Scrolls
 l - 4 scrolls of identify
 p - 2 scrolls of magic mapping
 z - a scroll of brand weapon {unknown}
Potions
 d - a potion of might
 g - 2 potions of magic
 n - a potion of haste
 o - 2 potions of resistance
 v - a potion of attraction {unknown}


   Skills:
 + Level 6.3 Fighting
 + Level 8.8 Axes
 + Level 7.4 Armour
 + Level 1.9 Dodging
 - Level 0.1 Stealth
 + Level 8.2 Shields
 * Level 3.7 Evocations


You had 9 spell levels left.
You didn't know any spells.
Your spell library contained the following spells:

 Spells                   Type           Power      Damage    Failure   Level
 Beastly Appendage        Tmut           0%         N/A       100%        1
 Magic Dart               Conj           0%         1d3       100%        1
 Searing Ray              Conj           0%         3d3       100%        2
 Wereblood                Tmut           0%         N/A       100%        2
 Dazzling Flash           Conj/Hex       0%         N/A       100%        3
 Spider Form              Tmut/Pois      0%         N/A       100%        3
 Fulminant Prism          Conj/Hex       0%         3d6       100%        4
 Ice Form                 Ice/Tmut       0%         N/A       100%        4
 Iskenderun's Mystic Bla  Conj/Tloc      0%         2d3       100%        4


Dungeon Overview and Level Annotations

Branches:
Dungeon (8/15)             Temple (1/1) D:4         Ossuary (visited)
   Lair: D:8-11

Altars:
Ashenzari
Cheibriados
Dithmenos
Elyvilon
Fedhas
Gozag
Hepliaklqana
Kikubaaqudgha
Makhleb
Okawaru
Qazlal
Ru
Sif Muna
Trog
Uskayaw
Vehumet
Wu Jian
Xom
Zin
The Shining One

Shops:
D:5 *

Annotations:
D:7 Maggie
D:8 Harold


Innate Abilities, Weirdness & Mutations

You are immune to sickness and miasma.
Your stone body is resilient. (AC +7)
You are immune to poison.
You resist negative energy. (rN+)
You are resistant to electric shocks. (rElec)
You are resistant to unholy torment.
You are immune to petrification.


Message History

Maggie attempts to bespell you!
You are mesmerised by Maggie!
You block Maggie's attack.
You hit Maggie.
Maggie is moderately wounded.
You block Maggie's attack.
You hit Maggie.
Maggie is heavily wounded.
Maggie gives herself a magical halo, but it quickly sputters out.
Maggie hits you with a +0 broad axe of flaming!
Maggie burns you.
You slash Maggie!
Maggie is severely wounded.
Maggie hits you with a +0 broad axe of flaming.
* * * LOW HITPOINT WARNING * * *
Maggie burns you.
You closely miss Maggie.
Maggie is severely wounded.
Maggie hits you with a +0 broad axe of flaming!
* * * LOW HITPOINT WARNING * * *
Maggie burns you.
* * * LOW HITPOINT WARNING * * *
You feel very mighty all of a sudden. You block Maggie's attack.
You don't have enough magic at the moment.
You slash Maggie!
Maggie is almost dead.
Maggie hits you but does no damage.
Your shield and plate armour prevent you from hitting Maggie.
Maggie is almost dead.
Maggie hits you but does no damage. x2
You closely miss Maggie.
Maggie is almost dead.
You block Maggie's attack.
You hit Maggie.
Maggie is almost dead.
Maggie mutters to herself, "Master Lance won't take me back.
This is the way forward."
Maggie casts a spell at you. The bolt of fire hits you!!
You die...

#.# #.......# #.#
#.......##########
###.###....^..<.........
##.................######
##..[...#.......###.#
#.....#.#.......# #.#
#...............# #(#
#.....#.#@####### #.#
#....##.#@#########.######
#.#.###.#†[...........#...
#.#.# #.###########.#.#...
#...# #.# #...............
#.### #.# #.#####.....####
#.# ##.###...........# #.#
#.........##.....# #.#
#..###.##.##.....# #.#
#..# #....####.#.#


You could see Maggie (mesmerising).

Vanquished Creatures
  Pikel (D:7)
  Psyche (D:8)
  2 humans (D:7)
  2 steam dragons
  4 water moccasins
  2 orc warriors
  4 black bears
  2 ogres
  2 necrophages
  A centaur (D:6)
  3 lemures (D:7)
  An elf zombie (Ossuary)
  3 bullfrogs (D:7)
  A scorpion (D:5)
  3 water moccasin zombies
  7 wights
  4 howler monkeys (D:8)
  A centaur zombie (D:8)
  6 hounds
  2 jellies
  A gnoll shaman (D:4)
  A human zombie (Ossuary)
  3 orc priests
  Ijyb (D:2)
  2 iguanas
  5 orc wizards
  A scorpion zombie (D:5)
  A killer bee zombie (D:8)
  2 mummies (Ossuary)
  Robin (D:3)
  A howler monkey zombie (D:7)
  9 adders
  2 gnolls (D:4)
  2 white imps
  An ufetubus (D:6)
  An adder zombie (Ossuary)
  2 worms
  2 dart slugs
  19 orcs
  8 bats
  4 endoplasms
  A giant cockroach (D:1)
  13 goblins
  13 hobgoblins
  8 jackals
  4 kobolds
  4 quokkas
  2 ball pythons
  3 frilled lizards
  9 hobgoblin zombies (Ossuary)
  A jackal zombie (Ossuary)
  13 kobold zombies (Ossuary)
  8 orc zombies (Ossuary)
  6 rats
  3 rat zombies (Ossuary)
209 creatures vanquished.

Vanquished Creatures (others)
  A human (D:3)
  A gnoll (D:4)
  A bat (D:3)
  A jackal (D:3)
4 creatures vanquished.

Grand Total: 213 creatures vanquished

Notes
Turn   | Place    | Note
-------+----------+-------------------------------------------
     0 | D:1      | bande the Gargoyle Fighter began the quest for the Orb.
     0 | D:1      | Reached XP level 1. HP: 14/14 MP: 1/1
   132 | D:1      | Reached XP level 2. HP: 14/19 MP: 2/2
   581 | D:1      | Reached XP level 3. HP: 16/23 MP: 3/3
  1157 | D:2      | Found a faded altar of an unknown god.
  1352 | D:2      | Reached XP level 4. HP: 21/29 MP: 4/4
  1806 | D:3      | Noticed Ijyb
  2002 | D:3      | Noticed Robin
  2177 | D:2      | Killed Ijyb
  2178 | D:2      | Reached XP level 5. HP: 22/33 MP: 5/5
  2391 | D:3      | Killed Robin
  2657 | D:3      | Found a broken altar of Ashenzari.
  2666 | D:3      | Found a white marble altar of Elyvilon.
  2717 | D:3      | Upgraded the game from 0.27-a0-1287-gca74d27db6 to
                  | 0.27-a0-1291-geefcff550b
  2852 | D:3      | Found an ancient bone altar of Kikubaaqudgha.
  2853 | D:3      | Noticed a human
  2855 | D:3      | Killed a human
  2991 | D:4      | Noticed an ogre
  3001 | D:4      | Killed an ogre
  3002 | D:4      | Reached skill level 1 in Dodging
  3002 | D:4      | Reached XP level 6. HP: 10/38 MP: 6/6
  3172 | D:4      | Noticed a black bear
  3184 | D:4      | Killed a black bear
  3185 | D:4      | Reached XP level 7. HP: 32/44 MP: 4/7
  3361 | D:4      | Found a sand-covered staircase.
  3368 | Ossuary  | Entered an ossuary
  3447 | Ossuary  | Reached skill level 5 in Axes
  4195 | D:4      | Found a staircase to the Ecumenical Temple.
  4205 | D:4      | Reached skill level 5 in Shields
  4330 | Temple   | Entered the Ecumenical Temple
  4535 | D:5      | Entered Level 5 of the Dungeon
  4663 | D:5      | Found Neugom's Serpentskin Sales.
  4677 | D:5      | Reached XP level 8. HP: 32/48 MP: 5/8
  4681 | D:5      | Reached skill level 5 in Armour
  5152 | D:4      | Reached skill level 5 in Fighting
  5637 | D:6      | Reached XP level 9. HP: 35/54 MP: 1/9
  5799 | D:6      | Found a snail-covered altar of Cheibriados.
  6200 | D:6      | Reached skill level 1 in Evocations
  6781 | D:7      | Identified a scroll of acquirement
  6781 | D:7      | Acquired 1217 gold pieces
  6819 | D:7      | Found an iron altar of Okawaru.
  6828 | D:7      | Became a worshipper of Warmaster Okawaru
  6850 | D:7      | HP: 1/55 [human (10)]
  7771 | D:7      | Identified the +1 scale mail of Kleptomania {rN+ Str+2}
  8126 | D:8      | Noticed Pikel
  8449 | D:7      | Killed Pikel
  8449 | D:7      | Reached * piety under Okawaru
  8450 | D:7      | Reached XP level 10. HP: 45/60 MP: 4/10
  8533 | D:8      | Acquired 691 gold pieces
  8593 | D:8      | Noticed Harold
  8601 | D:8      | Noticed Psyche
  8617 | D:8      | Killed Psyche
  8811 | D:8      | Noticed Maggie
  9037 | D:7      | Killed from afar by Maggie

Illustrated notes

Levels and vault maps discovered:
D:1:      wander_arrival_chamber, layout_loops_corners, minmay_close_crescents
D:2:      layout_basic, hellmonk_ecumenical_altar_crossroads, minmay_tromino_i4
D:3:      layout_rooms, tgw_kikubaaqudgha, minitemple, uniq_robin, uniq_ijyb
D:4:      layout_loops_ring, minmay_temple_entry_poolview, portal_sewer_entry_d,
          nicolae_ossuary_entry_plus
D:5:      layout_rooms, guppyfry_shop_venom
D:6:      layout_loops_cross, cheibriados_altar_1, kennysheep_cross_room
D:7:      layout_loops_ring, okawaru_humans
D:8:      layout_cave_pools, uniq_harold, uniq_pikel, uniq_maggie, uniq_psyche
Temple:   regret_index_temple_waves

Skill      XL: |  1  2  3  4  5  6  7  8  9 10 |
---------------+-------------------------------+-----
Axes           | 2 3 4 5 7 8 |  8.8
Fighting       | 4 5 6 |  6.3
Shields        | 4 5 6 7 8 |  8.2
Armour         | 4 5 7 |  7.4
Dodging        | 1 |  1.9
Evocations     | 3 |  3.7
Stealth        | |  0.1

Action                   |  1- 3 |  4- 6 |  7- 9 | 10-12 || total
-------------------------+-------+-------+-------+-------++-------
Melee: War axe           |   118 |   156 |   446 |    78 ||   798
Invok: Heroism           |       |       |       |     1 ||     1
  Use: Scroll            |       |     6 |     3 |     1 ||    10
       Potion            |       |     2 |     8 |     3 ||    13
 Stab: Distracted        |       |     1 |       |       ||     1
       Invisible         |       |     1 |       |       ||     1
Armor: Scale mail        |    76 |   116 |    69 |       ||   261
       Plate armour      |       |       |   232 |    76 ||   308
Dodge: Dodged            |    39 |    77 |   112 |    33 ||   261
Block: Kite shield       |    88 |   118 |   292 |    77 ||   575

Table legend: (Time is in decaauts)
 A = Elapsed time spent in this place.
 B = Non-inter-level travel time spent in this place.
 C = Inter-level travel time spent in this place.
 D = Time resting spent in this place.
 E = Time spent auto-exploring this place.
 F = Levels seen in this place.
 G = Mean time per level.
                   A        B        C        D        E       F      G
               +--------+--------+--------+--------+--------+-----+--------+
         Total |   9376 |   9339 |     37 |   2612 |   4505 |  10 |  937.6 |
       Dungeon |   8802 |   8765 |     37 |   2612 |   4135 |   8 | 1100.2 |
        Temple |    154 |    154 |      0 |      0 |    130 |   1 |  154.0 |
       Ossuary |    419 |    419 |      0 |      0 |    240 |   1 |  419.0 |
               +--------+--------+--------+--------+--------+-----+--------+

Top non-repeatable levels by time:
     D:7: 2136 daAuts
     D:4: 1406 daAuts
     D:2: 1336 daAuts
     D:6: 1323 daAuts
     D:1: 1152 daAuts
     D:5: 650 daAuts
     D:3: 621 daAuts
 Ossuary: 419 daAuts
     D:8: 174 daAuts
  Temple: 154 daAuts
